 Dungeon Crawl Stone Soup version 0.23.0-2-g0fe3ce5905 (webtiles) character file.

Game seed: 12881208148861693409

127 Laan the Skirmisher (level 5, -2/33 HPs)
             Began as a Gargoyle Monk on Feb 20, 2019.
             Killed by divine providence
             ... invoked by an orc priest
              (14 damage)
             ... on level 3 of the Dungeon.
             The game lasted 00:04:06 (2899 turns).

Laan the Skirmisher (Gargoyle Monk)                 Turns: 2899, Time: 00:04:07

Health: -2/33      AC: 13    Str: 15    XL:     5   Next: 11%
Magic:  5/5        EV:  7    Int: 11    God:
Gold:   187        SH:  0    Dex: 12    Spells: 4/4 levels left

rFire    . . .     SeeInvis .   a - +0 hand axe
rCold    . . .     Gourm    .   (no shield)
rNeg     + . .     Faith    .   l - +0 chain mail
rPois    ∞         Spirit   .   (no helmet)
rElec    +         Reflect  .   (no cloak)
rCorr    .         Harm     .   (no gloves)
MR       .....                  (no boots)
Stlth    ..........             (no amulet)
HPRegen  0.11/turn              (no ring)
MPRegen  0.09/turn              (no ring)

@: no status effects
A: negative energy resistance 1, electricity resistance, unbreathing,
petrification resistance, rot immunity, AC +4
a: no special abilities


You were on level 3 of the Dungeon.
You were not hungry.

You visited 1 branch of the dungeon, and saw 3 of its levels.

You collected 187 gold pieces.

Inventory:

Hand Weapons
 a - a +0 hand axe (weapon)
Armour
 l - a +0 chain mail (worn)
Jewellery
 m - a +6 ring of intelligence {unknown}
Scrolls
 d - 6 scrolls of identify {unknown}
 f - 5 scrolls of teleportation {unknown}
 i - a scroll of enchant armour {unknown}
 j - a scroll of enchant weapon {unknown}
 k - a scroll of noise {unknown}
Potions
 e - a potion of cancellation {unknown}
 g - 2 potions of curing {unknown}
 h - 2 potions of agility {unknown}
 n - a potion of flight {unknown}
Comestibles
 b - 3 chunks of flesh
 c - 4 rations


   Skills:
 + Level 4.0 Fighting
 * Level 3.8 Axes
 * Level 3.0 Armour
 - Level 2.4 Dodging
 - Level 2.1 Stealth


You had 4 spell levels left.
You didn't know any spells.
Your spell library was empty.

Dungeon Overview and Level Annotations

Branches:
Dungeon (3/15)

Altars:
Cheibriados
Fedhas
Ru
Xom
Zin


Innate Abilities, Weirdness & Mutations

You are resistant to torment.
Your stone body is resilient. (AC +4)
You are immune to poison.
You resist negative energy. (rN+)
You are resistant to electric shocks. (rElec)
You can survive without breathing.
You are immune to petrification.
You are immune to rotting.


Message History

The orc priest looks encouraged for a moment.
You hit the orc priest but do no damage.
The orc priest is lightly wounded.
You hit the orc. x2; The orc barely misses you.
The orc hits you with a +0 club.
The orc priest looks satisfied for a moment.
You hit the orc priest.
The orc priest is moderately wounded.
You hit the orc but do no damage. You hit the orc.
You kill the orc!
The orc priest hits you with a +0 hand axe.
The orc barely misses you.
Your chain mail prevents you from hitting the orc priest.
The orc priest is moderately wounded.
You hit the orc but do no damage.
You hit the orc priest but do no damage.
The orc priest hits you but does no damage.
The orc hits you with a cursed +0 flail.
The orc priest calls down the wrath of Beogh upon you.
Beogh smites you!
You die...

# # .# # # (#
##.# .# ...# .#
#..# ###.# ...#
...# #.### #oo#
..... #######@o#
#.### .........#
#.# #######.##
#.# #.# #.#
#######.######
.<#
#............#
####
#.#####.####.#
...#
####.#####.####.#
##.#
.............#.#


You could see 2 orc priests and an orc.

Vanquished Creatures
  An orc wizard (D:2)
  3 adders (D:3)
  4 dart slugs
  3 orcs (D:3)
  A ball python (D:1)
  3 giant cockroaches (D:1)
  5 goblins
  10 hobgoblins
  5 jackals (D:1)
  6 kobolds
  4 quokkas
  6 bats
  5 frilled lizards
  6 rats
62 creatures vanquished.

Notes
Turn   | Place    | Note
-------+----------+-------------------------------------------
     0 | D:1      | Laan the Gargoyle Monk began the quest for the Orb.
     0 | D:1      | Reached XP level 1. HP: 14/14 MP: 1/1
   197 | D:1      | Reached skill level 1 in Armour
   197 | D:1      | Reached XP level 2. HP: 13/19 MP: 2/2
   610 | D:1      | Reached XP level 3. HP: 15/23 MP: 3/3
   622 | D:1      | HP: 1/23 [bat (1)]
  1430 | D:2      | Found a blossoming altar of Fedhas.
  1498 | D:2      | Found a sacrificial altar of Ru.
  1522 | D:2      | Reached XP level 4. HP: 7/29 MP: 4/4
  1836 | D:2      | Found a snail-covered altar of Cheibriados.
  1969 | D:2      | Found a shimmering altar of Xom.
  1969 | D:2      | Found a shimmering altar of Xom.
  1969 | D:2      | Found a shimmering altar of Xom.
  1970 | D:2      | Found a shimmering altar of Xom.
  1971 | D:2      | Found a shimmering altar of Xom.
  1971 | D:2      | Found a shimmering altar of Xom.
  1977 | D:2      | Found a shimmering altar of Xom.
  1981 | D:2      | Found a shimmering altar of Xom.
  2039 | D:2      | Found a faded altar of an unknown god.
  2318 | D:3      | Found a glowing silver altar of Zin.
  2582 | D:3      | Reached XP level 5. HP: 33/33 MP: 5/5
  2695 | D:3      | Reached skill level 4 in Fighting
  2899 | D:3      | Killed from afar by an orc priest

Skill      XL: |  1  2  3  4  5 |
---------------+----------------+-----
Armour         | 1 2 3 |  3.0
Axes           | 3 |  3.8
Fighting       | 4 |  4.0
Dodging        | |  2.4
Stealth        | |  2.1

Action                   |  1- 3 |  4- 6 || total
-------------------------+-------+-------++-------
Melee: Hand axe          |   125 |    99 ||   224
 Stab: Sleeping          |     4 |     1 ||     5
       Paralysed         |       |     1 ||     1
  Eat: Chunk             |     2 |     5 ||     7
Armor: Robe              |    44 |    25 ||    69
       Chain mail        |       |    17 ||    17
Dodge: Dodged            |    82 |    64 ||   146
